 Dungeon Crawl Stone Soup version 0.18-a0-1435-gee79d65 (webtiles) character file.

11937 Slowtrain the Martial Artist (level 11, 0/106 HPs)
             Began as a Minotaur Transmuter on Feb 28, 2016.
             Was the Champion of Makhleb.
             Slain by a seven-headed hydra (14 damage)
             ... on level 11 of the Dungeon.
             The game lasted 01:27:35 (13822 turns).

Slowtrain the Martial Artist (Minotaur Transmuter) Turns: 13822, Time: 01:27:36

Health: 0/106      AC:  5    Str: 14    XL:     11   Next: 55%
Magic:  10/14      EV: 14    Int: 10    God:    Makhleb [******]
Gold:   650        SH:  3    Dex: 15    Spells: 5 memorised, 1 level left

rFire  x . .     SeeInvis .       - Unarmed
rCold  + + +     Gourm    .     (armour currently unavailable)
rNeg   . . .     Faith    .     (shield currently unavailable)
rPois  +         Spirit   .     (helmet currently unavailable)
rElec  .         Dismiss  .     (cloak currently unavailable)
rCorr  .         Reflect  +     (gloves currently unavailable)
SustAt .         Harm     .     (boots currently unavailable)
MR     .....                    k - +3 amulet of reflection
Stlth  +++.......               t - ring of wizardry
                                y - ring of wizardry

@: ice-form, not resistant to hostile enchantments, fairly stealthy
A: (retaliatory headbutt), (horns 0)
a: End Transformation, Minor Destruction, Lesser Servant of Makhleb, Major
Destruction, Greater Servant of Makhleb, Renounce Religion


You were on level 11 of the Dungeon.
You worshipped Makhleb.
Makhleb was exalted by your worship.
You were hungry.
You were a creature of crystalline ice.
You visited 1 branch of the dungeon, and saw 11 of its levels.
You also visited: Bailey.

You collected 1098 gold pieces.
You spent 448 gold pieces at shops.

Inventory:

Hand Weapons
 H - a +2 shortbow of flaming
Missiles
 a - 306 arrows
 f - 50 tomahawks of returning
 j - 234 stones (quivered)
 v - 17 javelins
 E - 11 tomahawks
 G - 40 poisoned needles
 J - a throwing net
Armour
 g - a +2 robe of fire resistance (melded)
 l - a +2 pair of boots (melded)
 n - a troll hide
 K - a +0 ring mail of poison resistance
Jewellery
 k - a +3 amulet of reflection (around neck)
 m - an uncursed ring of magical power
 t - a ring of wizardry (right front paw)
 y - a ring of wizardry (left front paw)
 B - a +1 ring of protection
 I - an uncursed ring of see invisible
 M - an uncursed ring of teleportation
 W - an uncursed ring of protection from fire
Wands
 p - a wand of disintegration (8/24)
 x - a wand of confusion (18/48)
 R - a wand of lightning (8/15)
 V - a wand of digging (11/24)
Scrolls
 i - a scroll of remove curse
 s - a scroll of fog
 A - 4 scrolls of teleportation
 D - 2 scrolls of enchant weapon
 F - a scroll of fear {unknown}
 O - 2 scrolls of enchant armour
 P - a scroll of magic mapping
 Y - a scroll of vulnerability {unknown}
 Z - 3 scrolls of blinking
Potions
 e - a potion of invisibility
 h - 3 potions of flight
 o - 9 potions of curing
 q - a potion of heal wounds
 u - 2 potions of might
 z - 2 potions of haste
 C - a potion of cancellation
 Q - a potion of ambrosia
 S - a potion of agility
 T - a potion of berserk rage
 U - a potion of brilliance
 X - a potion of lignification
Books
 b - a book of Burglary

   Spells                             Type                      Level
   a - Swiftness                      Charms/Air                   2
   b - Passwall                       Transmutation/Earth          2
   c - Passage of Golubria            Translocation                4
   d - Lee's Rapid Deconstruction     Earth                        5
   e - Darkness                       Hexes                        6
   f - Invisibility                   Hexes                        6
 c - a book of Changes

   Spells                             Type                      Level
   a - Beastly Appendage              Transmutation                1
   b - Sticks to Snakes               Transmutation                2
   c - Spider Form                    Transmutation/Poison         3
   d - Ice Form                       Ice/Transmutation            4
   e - Blade Hands                    Transmutation                5
Comestibles
 d - 5 bread rations
 w - 2 slices of pizza
 L - 11 meat rations
 N - 2 beef jerkies


   Skills:
 - Level 6.0 Fighting
 - Level 7.0 Dodging
 - Level 5.0 Stealth
 - Level 12.0 Unarmed Combat
 - Level 3.0 Spellcasting
 + Level 7.1 Transmutations
 - Level 2.5 Poison Magic
 + Level 6.1 Invocations


You had one spell level left.
You knew the following spells:

 Your Spells              Type           Power        Failure   Level  Hunger
a - Beastly Appendage     Trmt           ###...       1%          1    #......
b - Sticks to Snakes      Trmt           ###.....     1%          2    ###....
c - Spider Form           Trmt/Pois      ##........   3%          3    ###....
d - Ice Form              Ice/Trmt       #.......     28%         4    #####..
e - Blade Hands           Trmt           ###.......   16%         5    ######.


Dungeon Overview and Level Annotations

Branches:
Dungeon (11/15)            Temple (0/1) D:5            Lair (0/8) D:8
    Orc: D:9-12

Altars:
Ashenzari
Fedhas
Makhleb
Nemelex Xobeh
Okawaru
Pakellas
Qazlal
Sif Muna
Trog
Vehumet
Xom
Yredelemnul
The Shining One

Shops:
D:5 :   D:7 ?   D:10 ?

Annotations:
D:2 1 exclusion
D:5 exclusion: orc wizard
D:7 exclusion: door
D:9 exclusion: ice statue
D:10 Erica


Innate Abilities, Weirdness & Mutations

((You reflexively headbutt those who attack you in melee.))
((You have a pair of horns on your head.))


Message History

The seven-headed hydra bites you! The seven-headed hydra misses you.
The seven-headed hydra barely misses you.
The seven-headed hydra bites you! The seven-headed hydra bites you.
The seven-headed hydra bites you!
You block the seven-headed hydra's attack.
You pummel the seven-headed hydra!! You freeze the seven-headed hydra.
The seven-headed hydra is severely wounded.
Unknown command.
You pummel the seven-headed hydra!! You freeze the seven-headed hydra.
The seven-headed hydra is almost dead.
You block the seven-headed hydra's attack.
The seven-headed hydra barely misses you.
The seven-headed hydra bites you.
* * * LOW HITPOINT WARNING * * *
The seven-headed hydra bites you.
* * * LOW HITPOINT WARNING * * *
The seven-headed hydra bites you!
* * * LOW HITPOINT WARNING * * *
The seven-headed hydra bites you!
You die...

####### #.....# #.###.# #.# #.#
####### #.###.###
#.....############.....#..
....#......##..DY)))####.# ###.
....#......##.#####'## .#.....
....#......##........###.#.....
....'......+.........z§..z.....
....#......###.......5o.5))..+
..###......# #.......#..#....+
..# #......# #.......##.# ...+
..# #)#..#####.......##... ...
..# #.#..#...........###... ..


You could see a seven-headed hydra.

Vanquished Creatures
  An unseen horror (D:11)
  Pikel (D:6)
  Joseph (D:7)
  2 gargoyles (D:10)
  5 trolls
  A two-headed ogre (D:9)
  Sigmund (D:5)
  A wyvern (D:8)
  A wolf (D:10)
  A hippogriff (D:9)
  A hungry ghost (D:10)
  Grum (D:10)
  3 porcupines (D:8)
  2 hell hounds (D:8)
  10 orc warriors
  3 black bears
  An ice beast (D:9)
  3 sky beasts
  2 slaves (D:6)
  A necrophage (D:6)
  An eye of draining (D:10)
  8 ogres
  2 phantoms
  9 centaurs
  A big kobold (D:9)
  4 giant frogs
  A gnoll sergeant (D:7)
  A water moccasin zombie (D:7)
  3 scorpions
  6 killer bees (D:8)
  7 wights
  A centaur zombie (D:11)
  A wasp zombie (D:7)
  A quasit (D:10)
  3 crimson imps
  A giant frog zombie (D:9)
  11 orc priests
  4 centaur skeletons
  2 hounds
  A gnoll shaman (D:9)
  9 orc wizards
  3 iguanas
  10 worker ants
  A hound zombie (D:9)
  2 hound skeletons
  4 worker ant zombies
  2 howler monkey zombies
  13 gnolls
  11 adders
  3 shadow imps
  2 adder skeletons (D:4)
  2 worms
  A dart slug (D:4)
  4 giant geckos
  48 orcs
  7 giant cockroaches
  11 goblins
  10 hobgoblins
  4 jackals
  5 quokkas
  3 ball pythons
  7 bats
  A giant gecko zombie (D:8)
  5 giant newts
  30 kobolds
  15 rats
323 creatures vanquished.

Vanquished Creatures (collateral kills)
  A hill giant (D:11)
  Psyche (D:8)
  2 trolls
  2 hungry ghosts (D:10)
  A wolf (D:10)
  A wasp (D:10)
  9 wights
  A jelly (D:10)
  An adder (D:3)
  2 orcs (D:7)
21 creatures vanquished.

Vanquished Creatures (others)
  A slave (D:6)
  A jelly (D:6)
  A worker ant zombie (D:6)
  3 kobolds (Bailey)
6 creatures vanquished.

Grand Total: 350 creatures vanquished

Notes
Turn   | Place    | Note
--------------------------------------------------------------
     0 | D:1      | Slowtrain the Minotaur Transmuter began the quest for the Orb.
     0 | D:1      | Reached XP level 1. HP: 16/16 MP: 1/1
   307 | D:1      | Reached XP level 2. HP: 23/23 MP: 0/3
   437 | D:1      | Learned a level 2 spell: Sticks to Snakes
  1057 | D:1      | Reached skill level 4 in Unarmed Combat
  1391 | D:2      | Reached XP level 3. HP: 28/28 MP: 2/4
  1780 | D:2      | Found a burning altar of Makhleb.
  1781 | D:2      | Found a radiant altar of Vehumet.
  1917 | D:2      | Became a worshipper of Makhleb the Destroyer
  2432 | D:3      | Reached XP level 4. HP: 35/35 MP: 2/5
  2938 | D:3      | HP: 1/35 [worker ant zombie (1)]
  3201 | D:3      | Reached skill level 5 in Unarmed Combat
  3201 | D:3      | Reached XP level 5. HP: 34/40 MP: 4/6
  3206 | D:3      | Learned a level 3 spell: Spider Form
  3478 | D:3      | Reached * piety under Makhleb
  4046 | D:4      | Noticed an ogre
  4103 | D:4      | Noticed an ogre
  4320 | D:4      | Killed an ogre
  4320 | D:4      | Reached skill level 1 in Poison Magic
  4325 | D:4      | Reached XP level 6. HP: 44/47 MP: 7/7
  4426 | D:5      | Entered Level 5 of the Dungeon
  4426 | D:5      | Found a staircase to the Ecumenical Temple.
  5174 | D:4      | Reached XP level 7. HP: 46/52 MP: 8/8
  5578 | D:4      | Reached ** piety under Makhleb
  5578 | D:4      | Reached skill level 6 in Unarmed Combat
  5910 | D:5      | Noticed Sigmund
  6147 | D:5      | Found Vipnyall's Book Shop.
  6184 | D:5      | Killed Sigmund
  6184 | D:5      | Reached skill level 7 in Unarmed Combat
  6184 | D:5      | Reached XP level 8. HP: 51/59 MP: 9/9
  6957 | D:6      | Noticed Pikel
  7080 | D:6      | Found a blossoming altar of Fedhas.
  7080 | D:6      | Found a deep blue altar of Sif Muna.
  7132 | D:6      | Found a sparkling altar of Nemelex Xobeh.
  7143 | D:6      | Reached skill level 8 in Unarmed Combat
  7151 | D:6      | Reached *** piety under Makhleb
  7269 | D:6      | Killed Pikel
  7269 | D:6      | Reached skill level 5 in Dodging
  7269 | D:6      | Reached skill level 9 in Unarmed Combat
  7361 | D:6      | Found a glowing golden altar of the Shining One.
  7373 | D:6      | Found a basalt altar of Yredelemnul.
  7383 | D:6      | Reached skill level 1 in Invocations
  7391 | D:6      | Noticed a profane servitor
  7668 | D:6      | Reached XP level 9. HP: 64/64 MP: 10/10
  7851 | D:6      | Reached skill level 10 in Unarmed Combat
  7957 | D:6      | Noticed an angel
  8152 | D:7      | Noticed Joseph
  8191 | D:7      | Killed Joseph
  8496 | D:7      | Reached skill level 11 in Unarmed Combat
  8602 | D:7      | Reached skill level 1 in Stealth
  8726 | D:7      | Found Dididd's Magic Scroll Boutique.
  8731 | D:7      | Bought a scroll of identify for 30 gold pieces
  8731 | D:7      | Bought a scroll of blinking for 112 gold pieces
  8731 | D:7      | Bought a scroll of identify for 30 gold pieces
  8731 | D:7      | Bought a scroll of identify for 30 gold pieces
  8873 | D:7      | Reached **** piety under Makhleb
  8914 | D:8      | Found a staircase to the Lair.
  9063 | D:8      | Reached skill level 5 in Invocations
  9307 | D:8      | Noticed a troll
  9315 | D:8      | Killed a troll
  9315 | D:8      | Reached XP level 10. HP: 72/74 MP: 7/12
  9479 | D:8      | Noticed Psyche
  9493 | D:8      | Killed Psyche
  9929 | D:8      | Found an iron altar of Okawaru.
  9929 | D:8      | Found a stormy altar of Qazlal.
  9931 | D:8      | Found a bloodstained altar of Trog.
  9931 | D:8      | Found a shattered altar of Ashenzari.
  9931 | D:8      | Found an oddly glowing altar of Pakellas.
  9932 | D:8      | Found a sparkling altar of Nemelex Xobeh.
 10007 | D:8      | Found a shimmering altar of Xom.
 10081 | D:8      | Reached skill level 5 in Fighting
 10083 | D:8      | Reached skill level 5 in Stealth
 10504 | D:9      | Reached ***** piety under Makhleb
 10826 | D:9      | Noticed an ice statue
 11372 | D:9      | Reached skill level 5 in Transmutations
 11528 | D:9      | Learned a level 4 spell: Ice Form
 11534 | D:9      | Learned a level 5 spell: Blade Hands
 11600 | D:10     | Entered Level 10 of the Dungeon
 11602 | D:10     | Noticed a gargoyle
 11627 | D:10     | Killed a gargoyle
 11712 | D:10     | Reached XP level 11. HP: 77/89 MP: 14/14
 11801 | D:10     | Noticed Grum
 11813 | D:10     | Killed Grum
 12018 | D:10     | Found a flagged portal.
 12092 | Bailey   | Entered a bailey
 12477 | D:10     | Noticed Erica
 12666 | D:10     | Reached skill level 12 in Unarmed Combat
 12765 | D:10     | Found Ritog's Magic Scroll Shoppe.
 12784 | D:10     | Bought a scroll of enchant armour for 97 gold pieces
 12784 | D:10     | Bought a scroll of identify for 26 gold pieces
 12784 | D:10     | Bought a scroll of blinking for 97 gold pieces
 12784 | D:10     | Bought a scroll of identify for 26 gold pieces
 13430 | D:11     | Reached ****** piety under Makhleb
 13499 | D:11     | Noticed an unseen horror
 13520 | D:11     | Killed an unseen horror
 13705 | D:11     | Noticed a hill giant
 13722 | D:11     | Killed a hill giant
 13815 | D:11     | Noticed a seven-headed hydra
 13822 | D:11     | Slain by a seven-headed hydra

Vault maps used:
D:1:      lightli_arrival_isolated_outpost
D:2:      amethyst_overflow_temple_binary, first_bread, minmay_rat_gold_closets,
          uniq_crazy_yiuf_cottage
D:4:      kennysheep_six_static_rooms
D:5:      minmay_temple_entry_overgrown, serial_shops, shop, tgw_sif,
          uniq_sigmund
D:6:      grunt_temple_overflow_holy_war, gammafunk_temple_overflow_wave,
          nemelex_lonely_heart_becter, uniq_pikel
D:7:      serial_shops, kennysheep_little_box, the_bakery, uniq_joseph
D:8:      wad_woods_settlement, grunt_temple_overflow_open,
          minmay_lair_entry_lava, basic_altar, minivault_23, uniq_psyche
D:9:      supply_closet_lemuel, minmay_statue_bubble
D:10:     enter_bailey_3, serial_shops, shop, feat_on_display, uniq_erica,
          uniq_grum
Bailey:   bailey_axe_1, bailey

Skill      XL: |  1  2  3  4  5  6  7  8  9 10 11 |
---------------+----------------------------------+-----
Transmutations | 2 3 4 5 7 |  7.1
Unarmed Combat | 4 5 7 9 11 12 | 12.0
Poison Magic   | 1 2 |  2.5
Dodging        | 3 5 7 |  7.0
Invocations    | 1 5 6 |  6.1
Stealth        | 3 5 |  5.0
Fighting       | 2 6 |  6.0
Spellcasting   | 3 |  3.0

Action                   |  1- 3 |  4- 6 |  7- 9 | 10-12 || total
-------------------------+-------+-------+-------+-------++-------
Melee: Unarmed           |   114 |   140 |   344 |   466 ||  1064
Throw: Stone             |    34 |    70 |    56 |    33 ||   193
       Javelin           |       |     8 |       |       ||     8
 Cast: Beastly Appendage |    20 |    13 |       |       ||    33
       Sticks to Snakes  |     2 |     4 |       |       ||     6
       Spider Form       |       |     6 |    45 |    43 ||    94
       Ice Form          |       |       |       |     1 ||     1
Invok: Minor Destruction |       |       |     4 |    14 ||    18
       Lesser Servant of |       |       |     1 |    10 ||    11
  Use: Potion            |     3 |     3 |       |     4 ||    10
       Scroll            |       |     4 |     9 |     8 ||    21
 Stab: Sleeping          |     1 |     1 |     1 |     5 ||     8
       Distracted        |       |       |       |     3 ||     3
  Eat: Chunk             |     6 |     8 |    16 |    15 ||    45
       Beef jerky        |       |     2 |       |       ||     2
       Bread ration      |       |       |     1 |     2 ||     3
